 Dungeon Crawl Stone Soup version 0.17-b1-18-g553e9fc (webtiles) character file.

377 Gargoyl the Skirmisher (level 6, -1/48 HPs)
             Began as a Demonspawn Abyssal Knight on Nov 4, 2015.
             Was a Priest of Lugonu.
             Killed by a spatial distortion (3 damage)
             ... on level 5 of the Dungeon.
             The game lasted 00:10:28 (3608 turns).

Gargoyl the Skirmisher (Demonspawn Abyssal Knight)  Turns: 3608, Time: 00:10:28

Health: -1/48      AC: 11    Str: 14      XL:     6   Next: 45%
Magic:  4/8        EV:  3    Int: 11 (13) God:    Lugonu [***...]
Gold:   234        SH:  4    Dex: 13      Spells: 0 memorised, 5 levels left

rFire  + . .     SeeInvis .     a - +2 hand axe
rCold  . . .     Clarity  +     f - +0 plate armour
rNeg   . . .     SustAt   .     p - +1 buckler
rPois  .         Gourm    .     (helmet restricted)
rElec  .         Spirit   .     (no cloak)
rCorr  .         Warding  .     (no gloves)
rMut   .         Stasis   .     (no boots)
MR     .....                    j - amulet of clarity
Stlth  ..........               x - ring of protection from fire
                                (no ring)

@: heavily drained, not resistant to hostile enchantments, extremely unstealthy
A: horns 1, molten scales 1, powered by death 1
a: Depart the Abyss, Bend Space, Banish, Renounce Religion


You were on level 5 of the Dungeon.
You worshipped Lugonu.
Lugonu was most pleased with you.
You were not hungry.

You visited 1 branch of the dungeon, and saw 5 of its levels.
You visited the Abyss 1 time.

You collected 234 gold pieces.

Inventory:

Hand Weapons
 a - a +2 hand axe (weapon)
 s - a +0 flail
Armour
 f - a +0 plate armour (worn)
 p - a +1 buckler (worn)
Jewellery
 j - an amulet of clarity (around neck)
 v - an uncursed ring of teleportation
 x - a ring of protection from fire (right hand)
Wands
 d - a wand of disintegration (15)
Scrolls
 e - a scroll of teleportation
 i - 3 scrolls of identify
 k - a scroll of fog {unknown}
 l - a scroll of remove curse
 r - a scroll of enchant armour
Potions
 b - a potion of brilliance
 c - a potion of invisibility
 n - a potion of degeneration
 t - a potion of poison
Comestibles
 g - a bread ration
 h - 4 meat rations


   Skills:
 + Level 3.9(1.9) Fighting
 + Level 3.0(1.1) Axes
 + Level 3.8(1.8) Armour
 + Level 2.9(0.9) Dodging
 + Level 0.2(0.0) Stealth
 + Level 0.6(0.0) Shields
 + Level 3.3(1.3) Invocations


You had 5 spell levels left.
You didn't know any spells.

Dungeon Overview and Level Annotations

Branches:
Dungeon (5/15)             Temple (0/1) D:4

Altars:
Trog
Yredelemnul

Shops:
D:4 %

Annotations:
D:4 bezhaha's ghost, amateur FoFi
D:5 bezhaha's ghost, novice FoFi


Innate Abilities, Weirdness & Mutations

You have a pair of small horns on your head.
You are partially covered in molten scales (AC +1).
You regenerate a little health from kills.


Message History

You slash bezhaha's ghost!
Bezhaha's ghost is lightly damaged.
Bezhaha's ghost hits you!
* * * LOW HITPOINT WARNING * * *
Bezhaha's ghost hits you but does no damage.
Your plate armour prevents you from hitting bezhaha's ghost.
Bezhaha's ghost is lightly damaged.
Bezhaha's ghost hits you!
* * * LOW HITPOINT WARNING * * *
Press: ? - help, Shift-Dir - straight line, f - bezhaha's ghost
Aim: bezhaha's ghost (lightly damaged, chance to defeat MR: 32%) Bezhaha's ghost easily resists.
You feel quite a bit more hungry.
Bezhaha's ghost hits you but does no damage.
Press: ? - help, Shift-Dir - straight line, f/p - bezhaha's ghost
Aim: bezhaha's ghost (lightly damaged, chance to defeat MR: 32%)
You fail to use your ability.
Bezhaha's ghost whispers, "There is no future for you."
Bezhaha's ghost hits you but does no damage.
Space bends around you!
You blink.
You die...

. .## # # ..# .##.#
#.###########..... #
##.......##<...# ...
#..............#
.....#............###
......>@....W§...##
...............###
..............##
...........##..
........##..#..
................
...a....# #.#..
......### #....#


You could see a worker ant (sleeping) and bezhaha's ghost.

Vanquished Creatures
  A scorpion (D:5)
  A centaur skeleton (D:3)
  2 orc priests (D:4)
  Terence (D:2)
  An orc wizard (D:4)
  A hound skeleton (D:4)
  3 adders
  4 gnolls (D:4)
  An ooze (D:2)
  5 worms (D:2)
  2 adder skeletons (D:4)
  6 giant geckos
  9 orcs
  2 ball pythons
  6 bats
  8 giant cockroaches
  5 hobgoblins
  4 jackals (D:4)
  3 quokkas
  A giant gecko skeleton (D:4)
  5 giant newts
  2 gnoll zombies (D:3)
  6 goblins
  6 kobolds
  6 rats
91 creatures vanquished.

Notes
Turn   | Place    | Note
--------------------------------------------------------------
     0 | Abyss:1  | Gargoyl the Demonspawn Abyssal Knight began the quest for the Orb.
     0 | Abyss:1  | Reached XP level 1. HP: 18/18 MP: 2/2
    33 | Abyss:1  | Noticed a raiju
    51 | Abyss:1  | Noticed a wraith
    76 | Abyss:1  | Noticed an ettin skeleton
   101 | Abyss:1  | Noticed a small abomination
   124 | D:1      | Escaped the Abyss
   390 | D:1      | Gained mutation: You regenerate a little health from kills. [demonic ancestry]
   390 | D:1      | Reached XP level 2. HP: 24/24 MP: 4/4
   462 | D:1      | Reached * piety under Lugonu
   727 | D:2      | Reached skill level 1 in Dodging
   784 | D:2      | Reached XP level 3. HP: 29/29 MP: 5/5
   836 | D:2      | Noticed Terence
   866 | D:2      | HP: 1/29 [Terence/short sword (1)]
   869 | D:2      | Killed Terence
  1199 | D:2      | Reached XP level 4. HP: 27/37 MP: 6/6
  1698 | D:3      | Reached ** piety under Lugonu
  1758 | D:3      | Found a basalt altar of Yredelemnul.
  2143 | D:3      | Gained mutation: You have a pair of small horns on your head. [demonic ancestry]
  2143 | D:3      | Reached XP level 5. HP: 40/42 MP: 7/7
  2409 | D:4      | Found a staircase to the Ecumenical Temple.
  2601 | D:4      | Found a bloodstained altar of Trog.
  2613 | D:4      | Noticed bezhaha's ghost (amateur FoFi)
  3334 | D:4      | Found Putag's Food Boutique.
  3431 | D:4      | Reached *** piety under Lugonu
  3434 | D:4      | Gained mutation: You are partially covered in molten scales (AC +1). [demonic ancestry]
  3434 | D:4      | Reached XP level 6. HP: 17/48 MP: 8/8
  3560 | D:5      | Entered Level 5 of the Dungeon
  3599 | D:5      | Noticed bezhaha's ghost (novice FoFi)
  3605 | D:5      | HP: 1/48 [bezhaha's ghost (13)]
  3608 | D:5      | Killed by a spatial distortion

Action                   |  1- 3 |  4- 6 || total
-------------------------+-------+-------++-------
Melee: Hand axe          |   124 |   232 ||   356
Invok: Depart the Abyss  |     1 |       ||     1
       Banish            |       |     1 ||     1
  Use: Potion            |     4 |    10 ||    14
       Scroll            |       |     8 ||     8
  Eat: Bread ration      |     1 |     1 ||     2
       Pizza             |       |     1 ||     1
       Beef jerky        |       |     1 ||     1
